 Dungeon Crawl Stone Soup version 0.30-a0-881-g1ff12e1e11 (webtiles) character file.

Game seed: 11890654334920807458

32475 bmack86 the Cleaver (level 13, -14/116 HPs)
             Began as a Minotaur Fighter on Mar 15, 2023.
             Was a High Priest of Okawaru.
             Demolished by a death yak (30 damage)
             ... on level 5 of the Lair of Beasts.
             The game lasted 00:42:23 (10944 turns).

bmack86 the Cleaver (Minotaur Fighter)             Turns: 10944, Time: 00:42:23

Health: -14/116    AC: 31    Str: 39    XL:     13   Next: 31%
Magic:  12/18      EV:  2    Int: 15    God:    Okawaru [*****.]
Gold:   646        SH:  0    Dex:  8    Spells: 12/12 levels left

rFire   . . .      SeeInvis .    y - +12 hand axe "Cuajoawkoi" {spect, Str+6 Int+5 Dex-4}
rCold   + + .      Faith    .    u - +5 kite shield of Fibyal {rPois}
rNeg    . . .      Spirit   .    O - +1 crystal plate armour {rC+}
rPois   +          Reflect  .    (helmet restricted)
rElec   .          Rampage  .    C - +2 cloak {rCorr}
rCorr   +                        r - +1 pair of gloves {Dex+3}
Will    +....                    (no boots) Stlth
                                 z - amulet of regeneration
HPRegen 1.19/turn                Q - +6 ring of strength
MPRegen 0.16/turn                h - ring "Qifyist" {rC+ Will+ Int+5}

@: sleeping, heroic, finesse-ful
A: horns 2, retaliatory headbutt
a: Renounce Religion, Heroism, Finesse, Duel


You were on level 5 of the Lair of Beasts.
You worshipped Okawaru.
Okawaru was extremely pleased with you.
You visited 3 branches of the dungeon, and saw 15 of its levels.
You also visited: Ice Cave.

You collected 947 gold pieces.
You spent 301 gold pieces at shops.

Inventory:

Hand Weapons
 a - a +1 war axe of flaming
 y - the +12 hand axe "Cuajoawkoi" (weapon) {spect, Str+6 Int+5 Dex-4}
   (You found it on level 8 of the Dungeon)

   Str:       It affects your strength (+6).
   Int:       It affects your intelligence (+5).
   Dex:       It affects your dexterity (-4).
 J - the +1 broad axe "Suusereh" {flame, *Rage rC+ Int+3 Dex+2}
   (Okawaru gifted it to you on level 9 of the Dungeon)

   Int:       It affects your intelligence (+3).
   Dex:       It affects your dexterity (+2).
   rC:        It protects you from cold.
   *Rage:     It berserks you when you make melee attacks (+20% chance).
 K - a +0 broad axe
Missiles
 e - 23 poisoned darts
 l - 27 boomerangs (quivered)
 I - a curare-tipped dart
 M - 3 silver javelins
 T - 3 javelins
Armour
 n - a +3 kite shield of protection
 r - a +1 pair of gloves of dexterity (worn)
 u - the +5 kite shield of Fibyal (worn) {rPois}
   (Okawaru gifted it to you on level 3 of the Lair of Beasts)

   rPois:     It protects you from poison.
 C - a +2 cloak of preservation (worn)
 O - a +1 crystal plate armour of cold resistance (worn)
Jewellery
 c - a ring of fire
 d - an amulet of the acrobat
 h - the ring "Qifyist" (right hand) {rC+ Will+ Int+5}
   (You acquired it on level 1 of the Dungeon)

   [ring of protection from cold]

   Int:       It affects your intelligence (+5).
   rC:        It protects you from cold.
   Will:      It increases your willpower.
 j - a ring of ice
 v - an amulet of guardian spirit
 z - an amulet of regeneration (around neck)
 H - a ring of protection from cold
 P - a ring of protection from cold
 Q - a +6 ring of strength (left hand)
 R - an amulet of faith
 S - a +6 ring of dexterity
Wands
 o - a wand of iceblast (28)
 p - a wand of mindburst (2)
 t - a wand of flame (14)
Scrolls
 b - a scroll of blinking
 i - 3 scrolls of teleportation
 s - a scroll of fog
 w - 2 scrolls of amnesia
 F - 2 scrolls of magic mapping
Potions
 f - 2 potions of cancellation
 g - 3 potions of haste
 k - 9 potions of curing
 m - 5 potions of brilliance
 q - a potion of magic
 A - a potion of resistance
 B - 2 potions of flight
 E - a potion of invisibility
 G - 2 potions of lignification
 L - a potion of might


   Skills:
 + Level 11.2(16.2) Fighting
 * Level 14.9(19.9) Axes
 + Level 9.0(14.0) Throwing
 + Level 11.3(16.3) Armour
 + Level 11.3(16.3) Shields
 + Level 8.0 Invocations


You had 12 spell levels left.
You didn't know any spells.
Your spell library contained the following spells:

 Spells                   Type           Power      Damage    Failure   Level
 Beastly Appendage        Tmut           0%         N/A       98%         1
 Kiss of Death            Conj/Necr      0%         2d5       98%         1
 Magic Dart               Conj           0%         1d3       98%         1
 Necrotise                Necr           0%         1d4       98%         1
 Cigotuvi's Dreadful Rot  Necr/Pois/Air  0%         N/A       99%         2
 Poisonous Vapours        Pois/Air       0%         N/A       99%         2
 Wereblood                Tmut           0%         N/A       99%         2
 Confusing Touch          Hex            0%         N/A       100%        3
 Hailstorm                Conj/Ice       0%         3d3       100%        3
 Mephitic Cloud           Conj/Pois/Air  0%         N/A       100%        3
 Spider Form              Tmut/Pois      0%         N/A       100%        3
 Vampiric Draining        Necr           0%         2d6       100%        3
 Dispel Undead            Necr           0%         3d6       100%        4
 Ice Form                 Ice/Tmut       0%         N/A       100%        4
 Agony                    Necr           0%         N/A       100%        5
 Call Imp                 Summ           Unusable   N/A       N/A         2
 Simulacrum               Ice/Necr       Unusable   N/A       N/A         6

Dungeon Overview and Level Annotations

Branches:
Dungeon (9/15)             Temple (1/1) D:6            Lair (5/5) D:9
  Swamp (0/4) Lair:3        Snake (0/4) Lair:3        IceCv (visited)
  Slime: Lair:4-5       Orc: D:9-12

Altars:
Ashenzari
Cheibriados
Dithmenos
Elyvilon
Fedhas
Gozag
Hepliaklqana
Kikubaaqudgha
Makhleb
Nemelex Xobeh
Okawaru
Qazlal
Ru
Sif Muna
Trog
Uskayaw
Vehumet
Wu Jian
Xom
Yredelemnul
Zin
The Shining One

Shops:
D:6 ([(   D:7 !

Annotations:
Lair:4 Nessos


Innate Abilities, Weirdness & Mutations

You have a pair of horns on your head.
You reflexively headbutt those who attack you in melee.


Message History

You kill the elephant!
Okawaru accepts your kill.
You feel sick.
Blink to where?
Press: ? - help, Dir - move target A komodo dragon and a skyshark come into view.
As you read the scroll of blinking, it crumbles to dust.
You feel sick.
As you read the scroll of teleportation, it crumbles to dust.
You feel strangely unstable.
You feel sick.
Blink to where?
Press: ? - help, Dir - move target
As you read the scroll of blinking, it crumbles to dust.
You feel sick.
You feel sick.
Your surroundings suddenly seem different.
A dream sheep comes into view.
Found a scroll of identify.
Found a stone staircase leading up.
You feel sick.
The dream sheep bleats!
You hear a bleat! x3
A dream sheep comes into view.
A death yak comes into view.
You feel sick.
You are no longer poisoned.
The death yak bellows!
You hear a bellow! x2; You hear a bleat! x2
A dream sheep comes into view. 2 death yaks come into view.
The death yak bellows! x2
You block the death yak's attack.
You slash the death yak! You headbutt the death yak!
The death yak is heavily wounded.
You slash the fungus!
The fungus begins to die.
Your +12 hand axe "Cuajoawkoi" {spect, Str+6 Int+5 Dex-4} hits the fungus!!
Your +12 hand axe "Cuajoawkoi" {spect, Str+6 Int+5 Dex-4} hits the death yak.
A death yak comes into view.
The dream sheep shake their wool and sparkle.
You feel drowsy...
You fall asleep.
The death yak barely misses you.
A dream sheep comes into view.
The death yak gores you!!
You die...

.............
........Y..Y
#...........
##.......Y...
###...........<
...............
.........# .##
...##...##Y....
###@YY#
#P§.......
#..#...8..
##........
###...### ....
####.


You could see 3 death yaks and 2 dream sheep.

Vanquished Creatures
  Fannar (Lair:1)
  Josephine (Lair:4)
  An ice dragon (IceCv)
  Erica (D:9)
  2 hydras (Lair:2)
  The ghost of sasquatch the Spear-Bearer, a journeyman FoFi of the Shining One (D:9)
  2 boulder beetles
  A two-headed ogre (D:9)
  3 skysharks
  4 elephants
  Joseph (D:9)
  Maurice (D:8)
  2 ice statues (IceCv)
  A black mamba (Lair:1)
  Maggie (Lair:1)
  4 cane toads
  Psyche (D:8)
  5 rime drakes
  A kobold demonologist (D:9)
  7 komodo dragons
  2 hornets
  7 polar bears
  12 blink frogs
  Prince Ribbit (Lair:1)
  3 wyverns
  5 wraiths (Lair:4)
  21 yaks
  3 basilisks
  The ghost of AverageBear the Ducker, an amateur OpFi (D:3)
  3 nagas (Lair:3)
  13 water moccasins
  The ghost of domi the Sneak, an amateur SpEn (D:4)
  6 ice beasts
  An orc warrior (D:8)
  A hornet zombie (D:7)
  2 black bears
  A sky beast (D:6)
  An ogre (D:6)
  2 centaurs
  8 wolves
  Blork the orc (D:6)
  2 kobold brigands
  9 bullfrogs
  2 gnoll sergeants (D:6)
  6 scorpions (D:6)
  2 necrophages (D:7)
  A hornet simulacrum (D:8)
  5 wights (D:6)
  6 killer bees (D:9)
  4 lindwurm simulacra (IceCv)
  3 electric eels
  A crimson imp (D:5)
  3 bullfrog zombies (D:7)
  4 komodo dragon simulacra (IceCv)
  2 wyvern simulacra (D:8)
  A human zombie (D:7)
  2 jellies
  3 gnoll boudas
  4 orc priests
  2 hounds
  5 iguanas
  7 orc wizards
  2 sleepcaps
  12 hell rats
  A killer bee zombie (D:7)
  2 centaur simulacra
  3 mummies (D:7)
  2 killer bee simulacra
  A howler monkey zombie (D:7)
  14 gnolls
  6 acid dragon simulacra (IceCv)
  15 adders
  7 white imps
  7 steam dragon simulacra (IceCv)
  5 ufetubi
  5 dart slugs
  32 orcs
  11 bats
  4 endoplasms
  6 goblins
  4 hobgoblins
  6 jackals
  13 kobolds
  5 quokkas
  2 ball pythons
  A frilled lizard (D:1)
  2 goblin zombies (D:5)
  2 hobgoblin zombies (D:5)
  4 kobold skeletons (D:5)
  3 kobold zombies (D:5)
  5 rats
  A bush (Lair:2)
393 creatures vanquished.

Vanquished Creatures (others)
  2 orcs (D:9)
  A kobold (D:9)
  30 fungi
  22 plants
55 creatures vanquished.

Grand Total: 448 creatures vanquished

Notes
Turn   | Place    | Note
-------+----------+-------------------------------------------
     0 | D:1      | bmack86 the Minotaur Fighter began the quest for the Orb.
     0 | D:1      | Reached XP level 1. HP: 19/19 MP: 0/0
   172 | D:1      | Reached XP level 2. HP: 26/27 MP: 1/1
   433 | D:1      | Reached skill level 3 in Axes
   617 | D:1      | Identified a scroll of acquirement
   618 | D:1      | Acquired the ring "Qifyist" {rC+ Will+ Int+5}
   741 | D:2      | Reached XP level 3. HP: 33/33 MP: 2/2
   766 | D:2      | Reached skill level 1 in Throwing
   830 | D:2      | Found a faded altar of an unknown god.
  1283 | D:3      | Reached XP level 4. HP: 38/40 MP: 3/3
  1544 | D:3      | Found a runed translucent gate.
  1544 | D:3      | Found a runed translucent gate.
  1544 | D:3      | Found a runed translucent gate.
  1547 | D:3      | Noticed AverageBear's ghost (amateur OpFi)
  1549 | D:3      | Identified the +2 short sword "Undertaker" {pain, Fly
                  | Int+4}
  1549 | D:3      | Identified the +1 scale mail of Nipirgh {rC- rN++ Dex+5}
  1988 | D:4      | Reached skill level 4 in Axes
  1988 | D:4      | Reached XP level 5. HP: 32/47 MP: 4/4
  2173 | D:4      | Found a shimmering blue altar of Sif Muna.
  2347 | D:4      | Found a broken altar of Ashenzari.
  2457 | D:4      | Found an ancient bone altar of Kikubaaqudgha.
  2513 | D:4      | Found a runed translucent gate.
  2514 | D:4      | Found a runed translucent gate.
  2514 | D:4      | Noticed domi's ghost (amateur SpEn)
  2515 | D:4      | Found a runed translucent gate.
  2752 | D:5      | Entered Level 5 of the Dungeon
  2763 | D:5      | You fall into a shaft and drop 3 floors!
  2884 | D:6      | Noticed a black bear
  2892 | D:6      | Killed a black bear
  2893 | D:6      | Reached XP level 6. HP: 17/53 MP: 5/5
  2896 | D:6      | Reached skill level 5 in Axes
  2898 | D:6      | Reached skill level 5 in Armour
  2898 | D:6      | Reached skill level 5 in Shields
  2900 | D:6      | Reached skill level 5 in Fighting
  2948 | D:6      | Reached XP level 7. HP: 9/61 MP: 6/6
  3206 | D:6      | Reached skill level 6 in Axes
  3329 | D:6      | Identified the +1 robe of Lohyteeq {rElec Int+2 Slay+2}
  3342 | D:6      | Noticed Blork the orc
  3353 | D:6      | Killed Blork the orc
  3615 | D:5      | Found a glowing golden altar of the Shining One.
  3691 | D:5      | Reached XP level 8. HP: 70/70 MP: 7/7
  3716 | D:5      | Found an iron altar of Okawaru.
  3728 | D:5      | Became a worshipper of Warmaster Okawaru
  3737 | D:5      | Reached skill level 7 in Axes
  4272 | D:6      | Reached skill level 1 in Invocations
  4342 | D:6      | Found Pestrotid's Armour Emporium.
  4364 | D:6      | Bought a +2 kite shield of protection for 301 gold pieces
  4385 | D:6      | Found a staircase to the Ecumenical Temple.
  4441 | D:6      | Reached * piety under Okawaru
  4554 | D:6      | Reached skill level 8 in Axes
  4593 | D:6      | Reached XP level 9. HP: 41/78 MP: 9/9
  4606 | D:6      | Identified the +1 ring mail of Pihatoept {*Slow rC+ Slay+6
                  | SInv}
  4725 | D:6      | Found Geryss's Weapon Emporium.
  4773 | D:6      | Found Oliofa's Weapon Shoppe.
  4911 | D:6      | Found the +11 Singing Sword {sonic wave}
  5244 | Temple   | Entered the Ecumenical Temple
  5552 | D:7      | Found Eddaim's Distillery.
  5801 | D:7      | Reached ** piety under Okawaru
  5802 | D:7      | Reached skill level 9 in Axes
  5841 | D:7      | Found a basalt altar of Yredelemnul.
  5846 | D:7      | Reached skill level 5 in Throwing
  6332 | D:8      | Noticed a polar bear
  6344 | D:8      | Killed a polar bear
  6344 | D:8      | Reached *** piety under Okawaru
  6345 | D:8      | Reached XP level 10. HP: 73/88 MP: 11/11
  6404 | D:8      | Identified the +12 hand axe "Cuajoawkoi" {spect, Str+6
                  | Int+5 Dex-4}
  6451 | D:8      | Noticed Maurice
  6483 | D:8      | Killed Maurice
  6484 | D:8      | Reached skill level 10 in Axes
  6618 | D:8      | Noticed Psyche
  6627 | D:8      | Killed Psyche
  6675 | D:8      | Received a gift from Okawaru
  6755 | D:8      | Reached **** piety under Okawaru
  6763 | D:8      | Reached skill level 11 in Axes
  7081 | D:8      | Reached skill level 5 in Invocations
  7276 | D:9      | Reached ***** piety under Okawaru
  7280 | D:9      | Reached XP level 11. HP: 95/95 MP: 13/13
  7287 | D:9      | Received a gift from Okawaru
  7363 | D:9      | Noticed a two-headed ogre
  7370 | D:9      | Killed a two-headed ogre
  7415 | D:9      | Noticed Joseph
  7479 | D:9      | Noticed Erica
  7489 | D:9      | Killed Joseph
  7499 | D:9      | Killed Erica
  7594 | D:9      | Identified the +1 broad axe "Suusereh" {flame, *Rage rC+
                  | Int+3 Dex+2} (Okawaru gifted it to you on level 9 of the
                  | Dungeon)
  7594 | D:9      | Received a gift from Okawaru
  7606 | D:9      | Found a runed translucent gate.
  7606 | D:9      | Found a runed translucent gate.
  7606 | D:9      | Found a runed translucent gate.
  7646 | D:9      | Noticed sasquatch's ghost (journeyman FoFi)
  7737 | D:9      | Found a staircase to the Lair.
  7849 | D:9      | Reached skill level 12 in Axes
  7858 | D:9      | Killed sasquatch's ghost
  8096 | D:3      | Killed AverageBear's ghost
  8194 | D:4      | Killed domi's ghost
  8298 | Lair:1   | Entered Level 1 of the Lair of Beasts
  8321 | Lair:1   | Noticed Maggie
  8335 | Lair:1   | Killed Maggie
  8370 | Lair:1   | Found a frozen archway.
  8380 | IceCv    | Entered an ice cave
  8437 | IceCv    | Received a gift from Okawaru
  8640 | IceCv    | Noticed an ice dragon
  8655 | IceCv    | Killed an ice dragon
  8655 | IceCv    | Received a gift from Okawaru
  8656 | IceCv    | Reached skill level 13 in Axes
  8656 | IceCv    | Reached XP level 12. HP: 35/106 MP: 7/15
  8871 | Lair:1   | Noticed a boulder beetle
  8888 | Lair:1   | Killed a boulder beetle
  8889 | Lair:1   | Reached skill level 10 in Armour
  8889 | Lair:1   | Reached skill level 10 in Shields
  8890 | Lair:1   | Reached skill level 10 in Fighting
  8951 | Lair:1   | Noticed Fannar
  8963 | Lair:1   | Killed Fannar
  9071 | Lair:1   | Received a gift from Okawaru
  9204 | Lair:1   | Noticed Prince Ribbit
  9224 | Lair:1   | Killed Prince Ribbit
  9288 | Lair:1   | You fall into a shaft and drop 1 floor!
  9452 | Lair:2   | Reached skill level 14 in Axes
  9596 | Lair:2   | Noticed a four-headed hydra
  9602 | Lair:2   | Killed a two-headed hydra
  9871 | Lair:2   | Noticed an eight-headed hydra
  9879 | Lair:2   | Killed a four-headed hydra
 10057 | Lair:3   | Identified the +5 kite shield of Fibyal {rPois} (Okawaru
                  | gifted it to you on level 3 of the Lair of Beasts)
 10057 | Lair:3   | Received a gift from Okawaru
 10058 | Lair:3   | Reached XP level 13. HP: 115/115 MP: 17/17
 10142 | Lair:3   | Found a staircase to the Snake Pit.
 10307 | Lair:3   | Found a stormy altar of Qazlal.
 10316 | Lair:3   | Identified the +0 hand axe "Toed" {heavy, Int+3}
 10595 | Lair:3   | Found a staircase to the Swamp.
 10778 | Lair:4   | Noticed Josephine
 10789 | Lair:4   | Killed Josephine
 10909 | Lair:4   | Noticed Nessos
 10931 | Lair:5   | Entered Level 5 of the Lair of Beasts
 10944 | Lair:5   | Demolished by a death yak

Illustrated notes

Levels and vault maps discovered:
D:1:      dpeg_arrival_pits, layout_basic, nrook_campfire
D:2:      layout_loops_ring, dreamdust_ecumenical_altar_grove
D:3:      layout_loops_ring, biasface_ghost_orc_armoury, nicolae_half_adder
D:4:      layout_basic, kennysheep_mini_moat, kennysheep_little_box,
          overflow_temple_1_default, gammafunk_ghost_nasty_kobolds
D:5:      layout_loops_ring, mainiacjoe_overflow_small_starburst,
          nicolae_tso_besieged_by_evil, chequers_serial_rivers_large_b
D:6:      old_forge, layout_cave_pools, minmay_temple_entry_waves, serial_shops,
          nicolae_shop_waterfront, nicolae_shop_bloodbath_and_beyond,
          nicolae_inconvenience_store, serial_gnoll_camp, gnoll_camp_mini_house,
          gnoll_camp_mini_hut, gnoll_camp_medium_01, gnoll_camp_mini_hut,
          uniq_blork_the_orc
D:7:      layout_cave_pools, lemuel_mausoleum_altar_yredelemnul, serial_shops,
          shop_statue
D:8:      layout_basic, serial_ice, serial_ice_m, serial_ice_l, serial_ice_o,
          serial_ice_h, serial_ice_g, serial_ice_f, serial_ice_b, serial_ice_c,
          serial_ice_a, serial_ice_n, uniq_maurice, uniq_psyche
D:9:      layout_rooms, lair_entry_dummy, gammafunk_ghost_icy, uniq_erica,
          uniq_joseph
Temple:   compressed_dpeg_triangle_lava_temple
Lair:1:   minmay_lair_oklob_chamber, layout_loops_ring,
          portal_ice_cave_entry_pillars_2, minivault_11,
          dreamdust_mushroom_princess, uniq_fannar, uniq_prince_ribbit2,
          uniq_maggie
Lair:2:   layout_loops_ring, serial_bayou_ford_a
Lair:3:   layout_loops_ring, swamp_mist, guppyfry_snake_entry_island,
          basic_altar, serial_bayou_pond_b, serial_bayou_pond_a
Lair:4:   layout_gridlike, dpeg_slime_entry_enclosed, lemuel_centaur_altar,
          infiniplex_staircase_pool, uniq_josephine, uniq_nessos
Lair:5:   hellmonk_lair_end_abyssal_woods, layout_small_grid, grunt_megastairs_1

Skill      XL: |  1  2  3  4  5  6  7  8  9 10 11 12 13 |
---------------+----------------------------------------+-----
Axes           | 3 4 5 6 8 9 11 13 14 | 14.9
Armour         | 4 5 6 7 8 9 10 11 | 11.3
Throwing       | 1 2 3 4 5 6 7 8 9 |  9.0
Shields        | 4 5 6 7 8 9 11 | 11.3
Fighting       | 4 5 6 7 8 9 10 11 | 11.2
Invocations    | 2 3 5 6 7 8 |  8.0

Action                     |  1- 3 |  4- 6 |  7- 9 | 10-12 | 13-15 || total
---------------------------+-------+-------+-------+-------+-------++-------
  Melee: War axe           |    76 |    65 |   329 |    10 |       ||   480
         Headbutt          |     8 |     8 |    49 |    78 |    17 ||   160
         Hand axe          |       |       |       |   333 |    64 ||   397
         Broad axe         |       |       |       |    28 |       ||    28
  Throw: Boomerang         |     1 |     3 |    12 |    10 |     1 ||    27
 Invoke: Heroism           |       |       |       |     3 |     1 ||     4
         Finesse           |       |       |       |     2 |     1 ||     3
    Use: Scroll            |     7 |     3 |    12 |     6 |     4 ||    32
         Potion            |       |     2 |     1 |       |     1 ||     4
   Stab: Distracted        |       |       |       |     3 |     2 ||     5
 Armour: Scale mail        |    58 |    28 |   100 |       |       ||   186
         Chain mail        |       |       |    44 |       |       ||    44
         Plate armour      |       |       |    17 |   143 |       ||   160
         Crystal plate arm |       |       |       |    68 |    44 ||   112
  Dodge: Dodged            |    50 |    34 |   143 |    83 |    12 ||   322
  Block: Buckler           |    21 |    26 |    23 |       |       ||    70
         Kite shield       |       |       |   177 |   225 |    52 ||   454

Table legend: (Time is in decaauts)
 A = Elapsed time spent in this place.
 B = Non-inter-level travel time spent in this place.
 C = Inter-level travel time spent in this place.
 D = Time resting spent in this place.
 E = Time spent auto-exploring this place.
 F = Levels seen in this place.
 G = Mean time per level.
                   A        B        C        D        E       F      G
               +--------+--------+--------+--------+--------+-----+--------+
         Total |  11045 |  10492 |    553 |    487 |   6315 |  16 |  690.3 |
       Dungeon |   8171 |   7653 |    518 |    441 |   4611 |   9 |  907.9 |
        Temple |    293 |    293 |      0 |      0 |    256 |   1 |  293.0 |
          Lair |   2113 |   2078 |     35 |     46 |   1282 |   5 |  422.6 |
      Ice Cave |    466 |    466 |      0 |      0 |    166 |   1 |  466.0 |
               +--------+--------+--------+--------+--------+-----+--------+

Top non-repeatable levels by time:
     D:6: 1567 daAuts
     D:8: 1179 daAuts
     D:5: 950 daAuts
     D:3: 913 daAuts
     D:4: 869 daAuts
     D:7: 794 daAuts
  Lair:2: 740 daAuts
     D:1: 668 daAuts
  Lair:3: 657 daAuts
     D:9: 652 daAuts
     D:2: 577 daAuts
  Lair:1: 478 daAuts
   IceCv: 466 daAuts
  Temple: 293 daAuts
  Lair:4: 226 daAuts
